Map: Kairos Junction LE

Players

Lambo - Winner!

  • Race: Zerg Zerg
  • League: Grandmaster
  • Spawn Location: 11:00

llllllllllll

  • Race: Terran Terran
  • League: Grandmaster
  • Spawn Location: 5:00

VOD

Have the link to the VOD?

Description

Time

  • Played on: Dec. 27, 2018, 12:44 p.m.
  • Length: 8:36
Show
View Real Time Build Order
Export as new Build Order

Lambo Zerg - Winner!

Build Orders: Hatch First 

Get SALT Encoding   

  12  0:01  Drone  
  13  0:14  Overlord  
  13  0:17  Drone  
  14  0:33  Drone x2  
  16  0:48  Hatchery  
  15  0:51  Drone  
  15  0:55  Drone  
  17  0:59  Drone  
  18  1:09  Extractor  
  17  1:14  Spawning Pool  
  17  1:16  Drone  
  17  1:20  Drone  
  18  1:30  Drone  
  19  1:41  Drone  
  20  1:56  Overlord  
  20  2:01  Queen x2  
  20  2:02  Zergling x4  
  26  2:09  Metabolic Boost  
  26  2:16  Drone x2  
  26  2:21  Drone  
  29  2:24  Drone  
  30  2:40  Hatchery  
  30  2:43  Drone  
  30  2:49  Pneumatized Carapace  
  30  2:51  Drone  
  31  2:52  Drone  
  31  2:56  Overlord  
  32  2:59  Drone  
  32  3:02  Drone  
  34  3:06  Drone  
  34  3:09  Drone  
  36  3:16  Drone x4  
  40  3:20  Queen  
  40  3:25  Overlord  
  42  3:33  Drone  
  43  3:36  Drone  
  44  3:43  Queen  
  44  3:46  Drone  
  47  3:49  Zergling x8  
  47  3:55  Baneling Nest, Drone  
  51  3:58  Queen  
  51  4:00  Drone x2  
  51  4:02  Queen  
  56  4:03  Overlord  
  58  4:14  Overlord  
  58  4:23  Drone x4  
  62  4:24  Lair  
  62  4:27  Drone x3  
  62  4:31  Extractor  
  64  4:32  Extractor, Drone x2  
  64  4:35  Drone x2  
  64  4:38  Overlord  
  67  4:40  Drone x2  
  67  4:42  Queen, Baneling Nest  
  70  4:46  Drone x2  
  70  4:51  Evolution Chamber  
  70  4:52  Roach Warren, Evolution Chamber  
  70  4:53  Overlord  
  70  4:56  Overlord  
  70  4:57  Drone x2  
  72  5:05  Overlord  
  72  5:07  Extractor, Drone x2  
  72  5:09  Extractor, Drone x2  
  72  5:14  Drone x3  
  77  5:15  Drone x2  
  77  5:18  Drone x2  
  81  5:22  Extractor  
  81  5:23  Overseer  
  81  5:25  Zerg Missile Weapons Level 1, Overseer  
  81  5:26  Drone x2  
  82  5:29  Zerg Ground Armor Level 1  
  82  5:31  Drone  
  83  5:36  Drone  
  83  5:39  Glial Reconstitution  
  83  5:41  Drone x2  
  83  5:42  Drone x2  
  88  5:43  Overlord  
  88  5:45  Overlord  
  88  5:54  Overlord  
  88  5:55  Roach  
  88  5:56  Roach x3  
  96  6:00  Spore Crawler  
  96  6:01  Roach, Spore Crawler  
  96  6:03  Overlord  
  96  6:05  Overlord  
  96  6:06  Roach  
  96  6:09  Roach  
  100  6:13  Spore Crawler, Drone x2  
  101  6:20  Roach x4  
  106  6:29  Roach x2  
  106  6:30  Roach x2  
  112  6:37  Roach x3  
  118  6:43  Overlord  
  118  6:46  Roach x3  
  124  6:49  Roach x2  
  125  6:57  Roach x5  
  133  7:03  Overlord  
  133  7:07  Queen  
  135  7:10  Overlord  
  135  7:14  Roach  
  135  7:15  Overlord  
  137  7:18  Overlord  
  137  7:20  Overlord  
  137  7:21  Overlord  
  137  7:24  Overlord  
  137  7:25  Overlord  
  136  7:30  Overlord  
  136  7:32  Roach x4  
  144  7:38  Roach x3  
  147  7:46  Roach x2, Spire  
  147  7:49  Roach x2  
  152  7:53  Roach x3  
  158  8:02  Roach x3  
  158  8:05  Roach x3  
  153  8:14  Roach x3  
Show
View Real Time Build Order
Export as new Build Order

llllllllllll Terran 

Build Orders: Gas First Reaper Expand, Mech 

Get SALT Encoding   

  12  0:00  SCV  
  13  0:12  SCV  
  14  0:17  Supply Depot  
  14  0:25  SCV  
  15  0:29  Refinery  
  15  0:38  SCV  
  16  0:45  Barracks  
  16  0:50  SCV  
  17  1:03  SCV  
  18  1:15  SCV  
  19  1:32  Reaper, Orbital Command  
  20  1:45  Command Center  
  20  1:57  Factory  
  20  2:00  SCV  
  21  2:06  Barracks Reactor  
  21  2:12  SCV  
  22  2:17  Supply Depot  
  22  2:24  SCV  
  23  2:38  SCV  
  23  2:43  Marine  
  23  2:44  Marine  
  26  2:47  Starport  
  26  2:48  Hellion  
  28  2:57  SCV  
  28  2:58  Orbital Command  
  29  3:01  Marine x2  
  31  3:09  SCV  
  32  3:21  SCV  
  32  3:22  Command Center  
  32  3:25  SCV  
  34  3:34  SCV  
  34  3:37  SCV  
  34  3:38  Refinery  
  36  3:43  Fusion Core  
  36  3:46  SCV  
  36  3:47  Hellion  
  39  3:48  Starport Tech Lab  
  39  3:50  SCV  
  39  3:52  Hellion  
  42  3:58  SCV  
  42  4:02  SCV  
  44  4:09  Supply Depot  
  46  4:17  Supply Depot  
  46  4:19  SCV x2  
  46  4:28  Refinery  
  46  4:31  SCV x2  
  46  4:33  Refinery  
  46  4:34  Orbital Command  
  46  4:38  Hellion x2  
  52  4:43  SCV  
  52  4:44  SCV  
  54  4:55  SCV  
  54  4:56  SCV  
  56  5:01  SCV  
  56  5:04  Hellion x2, Battlecruiser  
  56  5:05  Supply Depot  
  67  5:08  SCV  
  67  5:11  SCV  
  67  5:13  Engineering Bay  
  69  5:20  Barracks Tech Lab  
  69  5:21  SCV  
  70  5:23  Factory  
  70  5:26  SCV  
  70  5:28  SCV  
  72  5:29  Factory  
  72  5:33  SCV  
  71  5:43  SCV x2  
  71  5:45  Factory, SCV  
  71  5:46  Factory, Supply Depot  
  74  5:55  SCV  
  74  5:56  Orbital Command  
  75  5:59  Hellion x2  
  75  6:02  Armory x2  
  79  6:04  SCV  
  80  6:16  SCV  
  80  6:17  SCV  
  82  6:29  SCV  
  82  6:31  Battlecruiser  
  82  6:32  Factory Tech Lab x2  
  89  6:33  Factory Tech Lab, SCV x2  
  91  6:40  Mag-Field Accelerator  
  91  6:41  SCV  
  91  6:45  SCV  
  93  6:57  Refinery x2  
  93  7:03  Supply Depot  
  93  7:05  Supply Depot x3  
  93  7:07  Missile Turret  
  93  7:20  Missile Turret, Supply Depot x2  
  93  7:22  SCV x2  
  93  7:24  SCV, Cyclone x2  
  93  7:25  Hellion x2, Cyclone  
  99  7:34  SCV  
  98  7:46  Cyclone  
  98  7:47  Hellion x2  
  89  7:56  Siege Tank x2  
  89  7:57  Siege Tank  
  86  8:08  Hellion  
  86  8:09  Hellion  
Tags
 
Add a new tag
Caveats
  • Supply blocks, unpowered buildings, or Contaminate may cause inaccurate times.
  • Supply counts are checked every 10 seconds.